 Dungeon Crawl Stone Soup version 0.27-a0-941-g386ccf399c (webtiles) character file.

Game seed: 312258611543705992

181 Froggeryz the Chiller (level 5, -3/42 HPs)
             Began as a Naga Ice Elementalist on Apr 11, 2021.
             Slain by a bullfrog (7 damage)
             ... in a sewer.
             The game lasted 00:06:46 (3192 turns).

Froggeryz the Chiller (Naga Ice Elementalist)       Turns: 3192, Time: 00:06:47

Health: -3/42      AC:  2    Str: 11    XL:     5   Next: 61%
Magic:  4/8        EV:  9    Int: 16    God:
Gold:   181        SH:  0    Dex: 11    Spells: 4/8 levels left

rFire    . . .     SeeInvis +   m - +1 mace
rCold    . . .     Faith    .   (no shield)
rNeg     . . .     Spirit   .   a - +0 robe
rPois    +         Reflect  .   (no helmet)
rElec    .         Harm     .   (no cloak)
rCorr    .         Rampage  .   (no gloves)
Will     .....                  (no barding)
Stlth    ++........             (no amulet)
HPRegen  0.14/turn              (no ring)
MPRegen  0.11/turn              (no ring)

@: very slow
A: AC +1, large, see invisible, deformed body, poison resistance, slowness 2,
spit poison 1, naga tail 1
a: Spit Poison


You were in a sewer.
You visited 1 branch of the dungeon, and saw 3 of its levels.
You also visited: Sewer.

You collected 181 gold pieces.

Inventory:

Hand Weapons
 m - a +1 mace (weapon)
Missiles
 l - a throwing net
Armour
 a - a +0 robe (worn)
 e - a +2 buckler
Scrolls
 b - a scroll of magic mapping
 d - 3 scrolls of enchant weapon
 g - 2 scrolls of identify
Potions
 i - a potion of brilliance {unknown}
 j - 2 potions of curing
 o - a potion of resistance {unknown}
 p - a potion of flight {unknown}


   Skills:
 - Level 1.5 Dodging
 - Level 3.0 Stealth
 + Level 1.7 Shields
 - Level 2.0 Spellcasting
 * Level 6.2 Ice Magic


You had 4 spell levels left.
You knew the following spells:

 Your Spells              Type           Power      Damage    Failure   Level
a - Freeze                Ice            84%        1d10      1%          1
b - Frozen Ramparts       Ice            42%        1d6       4%          3

Your spell library contained the following spells:

 Spells                   Type           Power      Damage    Failure   Level
 Ozocubu's Armour         Ice            21%        N/A       4%          3
 Hailstorm                Conj/Ice       11%        3d5       50%         4
 Metabolic Englaciation   Hex/Ice        5%         N/A       85%         5


Dungeon Overview and Level Annotations

Branches:
Dungeon (3/15)              Sewer (1/1)

Altars:
Ru


Innate Abilities, Weirdness & Mutations

Your serpentine skin is tough. (AC +1)
You have supernaturally acute eyesight. (SInv)
Armour fits poorly on your strangely shaped body.
Your system is resistant to poisons. (rPois)
You cover ground very slowly.
You can spit poison.
You have a snake-like lower body.


Message History

Aim: a bullfrog (water)
You freeze the bullfrog.
The bullfrog is moderately wounded.
The bullfrog hits you. The bullfrog completely misses you.
The bullfrog hits you.
Casting: Freeze (safe; 1% risk of failure)
Confirm with . or Enter, or press ? or * to list all spells.
Aiming: Freeze (safe; 1% risk of failure)
Press: ? - help, Shift-Dir - straight line, f/p - bullfrog
Aim: a bullfrog (water, moderately wounded)
You freeze the bullfrog.
The bullfrog is heavily wounded.
The bullfrog hits you. The bullfrog barely misses you.
Unknown command.
Casting: Freeze (safe; 1% risk of failure)
Confirm with . or Enter, or press ? or * to list all spells.
Aiming: Freeze (safe; 1% risk of failure)
Press: ? - help, Shift-Dir - straight line, f/p - bullfrog
Aim: a bullfrog (water, heavily wounded)
You freeze the bullfrog!
The bullfrog is almost dead.
The bullfrog barely misses you. The bullfrog hits you. The bullfrog hits you!
The bullfrog hits you.
* * * LOW HITPOINT WARNING * * *
It was a potion of curing.
You feel better. The bullfrog hits you. x2
Casting: Freeze (safe; 1% risk of failure)
Confirm with . or Enter, or press ? or * to list all spells.
Aiming: Freeze (safe; 1% risk of failure)
Press: ? - help, Shift-Dir - straight line, f/p - bullfrog
Aim: a bullfrog (water, almost dead)
You freeze the bullfrog.
The bullfrog is almost dead.
The bullfrog hits you.
* * * LOW HITPOINT WARNING * * *
The bullfrog hits you.
* * * LOW HITPOINT WARNING * * *
The bullfrog hits you.
* * * LOW HITPOINT WARNING * * *
The bullfrog hits you!
You die...

#.≈≈≈≈≈≈≈≈≈≈≈≈≈≈≈≈≈≈≈≈≈≈≈≈≈≈≈≈
#.≈≈≈≈..≈≈≈≈≈≈≈≈≈≈.........≈≈†
#.≈≈≈.≈≈≈≈≈≈≈≈≈≈≈≈≈≈≈≈#######.
#≈≈≈≈.≈≈≈≈≈≈≈≈≈≈≈≈≈≈≈≈≈≈# #≈
#≈≈≈≈≈≈≈≈≈≈≈≈≈≈≈≈≈≈≈≈≈≈≈# #.
#.≈≈≈≈≈≈≈≈≈≈≈≈..≈≈≈≈≈≈≈≈≈# #.
#.≈≈≈≈≈≈≈≈≈≈.≈≈≈=≈≈≈≈≈≈≈≈# #≈
#≈≈≈≈≈≈≈≈≈≈..≈≈!?[.≈≈≈≈≈≈# #≈
#≈≈≈≈≈≈≈≈≈≈≈≈@F.|.≈≈≈≈≈≈≈# #≈
#≈≈≈≈≈≈≈≈≈≈..≈F≈.≈≈≈≈≈≈≈≈# #≈
#≈≈≈≈≈#≈≈≈≈∩≈≈≈≈≈≈≈≈≈≈≈≈## #≈
#≈≈≈≈≈##≈≈≈≈≈≈≈≈≈≈≈≈≈≈≈## #≈
#.≈≈≈≈####≈≈≈≈≈≈≈≈≈≈≈ #.
#.†≈≈≈# ####≈≈≈≈≈≈## #.
#†≈≈≈.# ######## #. #.≈≈≈≈# #.
#.≈≈≈≈# #.


You could see 2 bullfrogs.

Vanquished Creatures
  4 adders (D:2)
  A river rat (D:3)
  An adder skeleton (D:3)
  4 worms (D:2)
  2 dart slugs
  7 orcs
  7 ball pythons
  An endoplasm (D:1)
  17 giant cockroaches
  4 hobgoblins
  11 jackals
  7 kobolds
  3 quokkas
  A ball python zombie (D:2)
  11 bats
  11 frilled lizards
  6 goblins
  2 rats
100 creatures vanquished.

Notes
Turn   | Place    | Note
-------+----------+-------------------------------------------
     0 | D:1      | Froggeryz the Naga Ice Elementalist began the quest for the
                  | Orb.
     0 | D:1      | Reached XP level 1. HP: 15/15 MP: 3/3
   294 | D:1      | Reached XP level 2. HP: 19/22 MP: 1/5
   650 | D:1      | Reached XP level 3. HP: 24/28 MP: 4/6
   853 | D:1      | Reached skill level 5 in Ice Magic
   989 | D:1      | Found a faded altar of an unknown god.
  1451 | D:2      | Reached XP level 4. HP: 33/36 MP: 5/7
  1814 | D:2      | Reached skill level 1 in Shields
  1911 | D:2      | Learned a level 3 spell: Frozen Ramparts
  2175 | D:2      | Reached XP level 5. HP: 42/42 MP: 6/8
  2740 | D:3      | Reached skill level 6 in Ice Magic
  2751 | D:3      | Found a sacrificial altar of Ru.
  2921 | D:3      | Found a glowing drain.
  2925 | Sewer    | Entered a sewer
  3192 | Sewer    | Slain by a bullfrog

Illustrated notes

Levels and vault maps discovered:
D:1:      nzn_arrival_depleted_hourglass, layout_loops_ring,
          ebering_ecumenical_altar_hall
D:2:      minmay_thinvault, layout_rooms
D:3:      layout_loops_ring, nicolae_ru_sacrificial_ziggurat,
          gup_sewer_entry_spiral, uniq_robin
Sewer:    sewer_frog_island_01

Skill      XL: |  1  2  3  4  5 |
---------------+----------------+-----
Ice Magic      | 5 6 |  6.2
Shields        | 1 |  1.7
Dodging        | |  1.5
Stealth        | |  3.0
Spellcasting   | |  2.0

Action                   |  1- 3 |  4- 6 || total
-------------------------+-------+-------++-------
Melee: Unarmed           |    20 |    19 ||    39
       Mace              |       |    21 ||    21
 Cast: Freeze            |    35 |    54 ||    89
       Frozen Ramparts   |       |     3 ||     3
 Abil: Spit Poison       |    22 |    31 ||    53
  Use: Scroll            |       |     8 ||     8
       Potion            |       |     1 ||     1
 Stab: Sleeping          |     5 |     4 ||     9
Armor: Robe              |    13 |    13 ||    26
Dodge: Dodged            |    22 |    35 ||    57

Table legend: (Time is in decaauts)
 A = Elapsed time spent in this place.
 B = Non-inter-level travel time spent in this place.
 C = Inter-level travel time spent in this place.
 D = Time resting spent in this place.
 E = Time spent auto-exploring this place.
 F = Levels seen in this place.
 G = Mean time per level.
                   A        B        C        D        E       F      G
               +--------+--------+--------+--------+--------+-----+--------+
         Total |   3978 |   3851 |    127 |    117 |   2714 |   4 |  994.5 |
       Dungeon |   3581 |   3454 |    127 |     92 |   2564 |   3 | 1193.7 |
         Sewer |    396 |    396 |      0 |     25 |    149 |   1 |  396.0 |
               +--------+--------+--------+--------+--------+-----+--------+

Top non-repeatable levels by time:
     D:2: 1580 daAuts
     D:1: 1503 daAuts
     D:3: 497 daAuts
   Sewer: 396 daAuts
